[Event "10th Cherry Blossom Classic 2023"]
[Site "Dulles"]
[Date "2023.05.25"]
[Round "1.11"]
[White "Williams, Justus"]
[Black "Brady, Tyson"]
[Result "0-1"]
[ECO "E92"]
[WhiteElo "2396"]
[BlackElo "2092"]
[Annotator "TA"]
[PlyCount "94"]
[EventDate "2023.05.24"]
[EventType "swiss"]
[EventCountry "USA"]
[SourceTitle "playchess.com"]
[Source "ChessBase"]
[SourceQuality "1"]
[TimeControl "5400+30"]

1. c4 Nf6 2. Nc3 g6 3. e4 d6 4. d4 Bg7 5. Be2 O-O 6. Nf3 e5 7. d5 a5 8. O-O Na6 9. Bg5 h6 10. Bh4 {[%emt 0:01:36] 10.Bh4 scores better than 10.Be3.} Qe8 11. Ne1 Nh7 (11... g5 $5 12. Bg3 $8 Nxe4 13. Nxe4 f5 $11) 12. Nd3 {[%emt 0:03:18] E92: King's Indian: Classical: 6 Be2 e5: 7 dxe5, 7 Be3 and Petrosian System without 7...Nbd7.} f5 13. f3 Bd7 {[%emt 0:02:01] [#]} 14. Kh1 $146 {[%emt 0:07:45][%cal Oc4c5] White is slightly better.} ({Predecessor:} 14. Bf2 b6 15. b3 Nf6 16. a3 Nc5 17. Nxc5 dxc5 18. d6 c6 19. Na4 Rb8 20. Qc2 fxe4 21. fxe4 {1-0 Legky,N (2480)-Bergez,L (2380) Paris Apsap op 1998}) 14... Bf6 (14... Nf6 $11 {was preferrable.}) 15. Bf2 $14 b6 16. b3 Ng5 17. a3 Nc5 18. Nxc5 bxc5 19. Qc2 fxe4 20. fxe4 Qe7 21. Rab1 Nh7 22. b4 axb4 23. axb4 cxb4 24. Rxb4 Bh4 25. Bg1 Rxf1 26. Bxf1 Rf8 (26... Be1 $11) 27. Bd3 (27. Rb1 $14) 27... Nf6 (27... Be1 $5 ) 28. c5 Nh5 29. Ne2 {[%emt 0:00:00] Prevents Ng3+.} Qf6 {[%emt 0:03:31][%cal Od7h3] ...Bh3! is the strong threat.} (29... Bf2 $5 30. Rb1 Qh4 31. cxd6 cxd6 $11) 30. Rb1 Bg4 31. Bc4 Bf2 {[%emt 0:05:46] Threatens to win with ...Qh4.} 32. Qc1 $2 {[%emt 0:00:00] [#]} (32. Rf1 $15 Qh4 33. cxd6 cxd6 34. Bxf2 Rxf2 35. Rxf2 Qxf2 36. Bd3) 32... Qh4 $2 (32... Bf3 $1 $19 33. Qf1 (33. Bxf2 Bxg2+ {[%mdl 64] Discovered Attack, Decoy} 34. Kxg2 Qxf2+ 35. Kh1 Qf3+ 36. Kg1 Qg4+ 37. Kh1 Qxe4+ 38. Kg1 Qg4+ 39. Kh1 Qf3+ 40. Kg1 Nf4 $19) 33... Bxe4 34. Bxf2 Bxb1 35. cxd6 Qxd6) 33. Bxf2 $15 Rxf2 34. cxd6 $1 cxd6 35. Rb8+ Kg7 {[%emt 0:00:21] Black is more active.} 36. Rb7+ $2 {[%emt 0:00:00][%mdl 8192] [#]} (36. Rb3 $17) 36... Kf6 $1 $19 37. Nc3 Ng3+ $2 ({Black should play} 37... Bf3 $19 {( -> ...Ng3+)} 38. Bf1 Qh3 39. Rb2 Bxg2+ {[%mdl 64] Double Attack} 40. Kg1 Rxf1+ 41. Qxf1+ Bxf1 42. Nd1 Qg4+ 43. Kf2 Qxd1 44. h3 Qd4+ 45. Kxf1 Qxb2 46. Ke1 Nf4 47. Kd1 Qe2+ 48. Kc1 Nd3+ 49. Kb1 Qb2#) 38. Kg1 $15 Bf3 $40 {[%emt 0:00:26][%csl Gf3][%cal Rf2g2][%mdl 192] Double Attack. Black is up to no good. Some like it hot} 39. Kxf2 (39. Rb2 $15 Rxb2 40. Qxb2 Nxe4 41. Nxe4+ (41. gxf3 Qe1+ 42. Kg2 Qxc3 $19) 41... Qxe4 42. Qb4 Bxg2 43. Qxd6+ Kg5 44. Bd3 Qxd3 45. Kxg2 (45. Qxe5+ $2 {loses.} Qf5 $19) 45... Qe4+ 46. Kf2) 39... Ne2+ (39... Bxe4 40. hxg3 Qg4 41. Qxh6) (39... Nh1+ $142 40. Ke3 Qf4+ 41. Kd3 Qxc1 42. gxf3 Nf2+ 43. Ke2 Nh3) 40. Kxf3 Nxc1 41. g3 {[%emt 0:00:08] Inhibits Qf4+.} Qxh2 {[%emt 0:00:28] Hoping for ...Qc2.} 42. Nb5 Qh1+ 43. Ke3 Qe1+ 44. Kf3 Qd1+ 45. Ke3 Kg5 46. Nxd6 Kg4 47. Be2+ Qxe2# {[%emt 0:00:57] A cool game by Brady.   Weighted Error Value: White=1.17/Black=0.52} 0-1

[Event "10th Cherry Blossom Classic 2023"]
[Site "Dulles"]
[Date "2023.05.25"]
[Round "1.12"]
[White "Senft, Sean"]
[Black "Stearman, Josiah"]
[Result "0-1"]
[ECO "E13"]
[WhiteElo "2089"]
[BlackElo "2385"]
[Annotator "TA"]
[PlyCount "120"]
[EventDate "2023.05.24"]
[EventType "swiss"]
[EventCountry "USA"]
[SourceTitle "playchess.com"]
[Source "ChessBase"]
[SourceQuality "1"]
[TimeControl "5400+30"]

1. d4 Nf6 2. c4 e6 3. Nc3 Bb4 4. Nf3 b6 5. Bg5 h6 6. Bh4 g5 7. Bg3 Ne4 8. Qc2 f5 9. e3 Bb7 10. Bd3 Bxc3+ 11. bxc3 d6 12. d5 Na6 $1 {[%emt 0:00:05][%cal Bb8a6,Ba6c5,Bc5e6][%mdl 4] outshines the older 12...Nd7. E13: Queen's Indian/Nimzo-Indian hybrid: 4 Nc3 Bb7 5 Bg5 h6 6 Bh4 Bb4.} 13. Bxe4 (13. Nd4 {with more complications.} Nac5 14. Nxe6 Nxe6 15. dxe6 O-O 16. f3) 13... fxe4 14. Qxe4 Qf6 {[%emt 0:00:08] Inhibits Qg6+. Black is slightly better.} 15. Qxe6+ Qxe6 16. dxe6 Nc5 17. O-O (17. h4 {looks sharper.} Ke7 18. O-O-O Nxe6 19. Rdg1) 17... Bxf3 18. gxf3 Nxe6 19. Kg2 O-O-O 20. Rh1 Rhf8 $1 21. h4 Rf5 $1 22. hxg5 hxg5 {[%emt 0:00:04] [#]} 23. Rh7 $146 ({Predecessor:} 23. Rh6 Re8 24. Rah1 Rc5 25. f4 gxf4 26. exf4 Rxc4 27. f5 Nf4+ 28. Bxf4 Rxf4 29. Rh8 Kd7 30. Rxe8 Kxe8 31. Rh7 Kd8 {½-½ Bergmann,P (2044)-Lemanczyk,T (2276) CP-2011-Q-00008 2013}) 23... Rd7 {[%emt 0:02:53][%mdl 1024] Against Re7. Black has compensation.} 24. Rh8+ Kb7 $1 25. Re8 Nc5 (25... Ng7 $15 26. Re4 Ra5) 26. Rd1 (26. e4 $5 Rf6 27. Re1 $11) 26... Rdf7 27. f4 (27. Rd5 $1 $11 {keeps the balance.}) 27... gxf4 $17 28. Bxf4 Na4 29. Rd3 Rc5 30. Re4 Rc6 31. Rd2 Nxc3 32. Red4 Rf5 {[%emt 0:00:35] Black is more active.} 33. Rc2 {[%emt 0:01:34] [#]} (33. Bg3 $1 $15) 33... Nb5 $1 $36 {[%emt 0:02:13][%mdl 2560] Black is on the roll.} 34. Rd3 {[%emt 0:05:17] a4 would be deadly.} (34. cxb5 $2 Rxc2 35. a4 a6 36. bxa6+ Kxa6 $19) 34... a6 (34... d5 $1 $17 35. a4 Rxc4 36. Rxd5 Rxc2 37. Rxf5 Nc3) 35. a4 Na7 36. Bg3 Ra5 (36... Rfc5 $15) 37. f4 $11 b5 38. axb5 axb5 39. c5 dxc5 $17 (39... Rxc5 $6 40. Rxc5 dxc5 41. f5 $11) 40. f5 c4 41. Rd7 (41. Rd5 $17) 41... b4 $19 42. Rf2 b3 (42... c3 $19 43. f6 c2) 43. f6 $17 {[%emt 0:00:36] aiming for f7.} Ra2 (43... Nb5 $142 $1 44. f7 Ra8) 44. Be5 {[%emt 0:01:39] [#]} (44. Rxa2 $17 {keeps fighting.} bxa2 45. Be5) 44... c3 $4 {[%emt 0:02:34][%mdl 8192] [#]} (44... Rxf2+ $1 $19 {and all is fine.} 45. Kxf2 c3) 45. Rxa2 $1 $18 bxa2 {[%emt 0:05:54][%mdl 4096] Endgame KRB-KRN} 46. Rd1 Rb6 47. Bxc3 (47. f7 $18 Rb2+ 48. Kg3 (48. Kf3 Rb1 $11)) 47... Nb5 $11 48. Be5 {[%emt 0:00:44] Strongly threatening f7.} Nd6 {[%emt 0:00:10] Hoping for ...Nf7.} 49. Bxd6 {[%emt 0:00:28][%mdl 8192] KRB-KR} (49. Ra1 $11 {and White has nothing to worry.}) 49... Rb1 $19 (49... Rxd6 50. Ra1 $11) 50. f7 Rxd1 (50... a1=B {gets mated.} 51. Rxb1+ (51. f8=R Rxd1 52. Bf4 c5 $11) 51... Kc8 52. f8=Q+ Kd7 53. Qe7+ Kc6 54. Qxc7+ Kd5 55. Rb5+ Ke4 56. Qc4+ Kxe3 57. Bf4#) 51. f8=Q {[%emt 0:00:18] Qf3+ would kill now.} a1=Q {[%emt 0:00:30] KQR-KQB} (51... a1=B {leads to mate.} 52. Qf3+ Kb8 53. Qxd1 cxd6 54. Qxa1 Kc7 55. Kf3 Kc6 56. Ke4 d5+ 57. Ke5) 52. Qf3+ Ka7 {[%emt 0:00:09] ( -> ...Rd2+)} 53. Bg3 Qa2+ 54. Bf2 {[%emt 0:00:19] Threatens to win with e4+.} Qg8+ 55. Kh3 Rd7 56. e4+ $2 (56. Qf5 {is a better defense.} Rh7+ 57. Bh4) 56... Kb8 57. Qf5 $2 (57. Bg3 $19) 57... Rh7+ {[%emt 0:00:42] Black mates.} 58. Bh4 Qb3+ 59. Kg4 Qd1+ 60. Kg5 Qh5+ {[%emt 0:00:06] Weighted Error Value: White=0.50/Black=0.30} 0-1

[Event "10th Cherry Blossom Classic 2023"]
[Site "Dulles"]
[Date "2023.05.25"]
[Round "1.13"]
[White "Park, Evan"]
[Black "Martin, Sam B"]
[Result "1-0"]
[ECO "C10"]
[WhiteElo "2380"]
[BlackElo "2067"]
[Annotator "TA"]
[PlyCount "71"]
[EventDate "2023.05.24"]
[EventType "swiss"]
[EventCountry "USA"]
[SourceTitle "playchess.com"]
[Source "ChessBase"]
[SourceQuality "1"]
[TimeControl "5400+30"]

1. e4 e6 2. d4 d5 3. Nc3 dxe4 4. Nxe4 Nd7 5. Nf3 Ngf6 6. Nxf6+ Nxf6 7. Be3 Nd5 {[%emt 0:01:07] C10: French with 3 Nc3: Unusual Black 3rd moves and 3...dxe4.} 8. Bd3 Nxe3 9. fxe3 Bd6 {[%emt 0:00:43] The position is equal.} 10. e4 {[%emt 0:05:36] [#]} c5 $146 ({Predecessor:} 10... e5 11. dxe5 Bc5 12. Bb5+ c6 13. Qxd8+ Kxd8 14. Bc4 Ke7 15. Ke2 Be6 16. Bxe6 Kxe6 {½-½ Lagno,K (2456)-Ovod,E (2410) EU-ch (Women) 8th 2007 (9)}) 11. e5 Be7 12. Qe2 Qa5+ 13. c3 Bd7 {[%emt 0:02:04] Repels Bb5} 14. O-O Bc6 15. Be4 (15. a3 $5 ) 15... Bxe4 16. Qxe4 Qb6 17. dxc5 Qxc5+ 18. Kh1 O-O 19. Rad1 (19. Qxb7 Rab8 20. Qa6 Rxb2 $17) 19... Rac8 20. Rd7 Rc7 (20... Qb5 $5 21. Qd3 (21. Rxe7 $2 Qxf1+ 22. Ng1 Rcd8 $19) (21. Rfd1 Rfd8 $11) 21... Qxd3 22. Rxd3 Rfd8 $11) 21. Rfd1 Rfc8 22. h3 h6 23. a4 Rxd7 24. Rxd7 {[%emt 0:00:01] [#] Threatens to win with b4.} Rc7 25. Qd3 Qc6 26. Rd4 a6 27. Nd2 b5 28. axb5 axb5 29. Ne4 Qb6 30. Nd6 Qc5 31. Qe4 (31. Nxb5 Rb7 32. c4 Qxe5 $15) 31... Rd7 32. Qf4 f6 (32... Bxd6 $11 33. Rxd6 (33. exd6 e5 $11) 33... g5) 33. Nf5 (33. Ne8 $1 $14 Rxd4 34. cxd4) 33... fxe5 $2 {[%emt 0:01:23][%mdl 8192] [#]} (33... Rxd4 $1 $11 34. cxd4 Qb4 35. exf6 Bxf6 36. Nxh6+ Kh8) 34. Nxh6+ $18 (34. Rxd7 $2 exf4 35. Nxe7+ Kh7 $19) 34... Kh8 (34... Kh7 $18 35. Qe4+ (35. Rxd7 $2 {perishes.} exf4 36. b4 Qxc3 $19) 35... Kxh6 36. Rxd7 Bf6) 35. Qf7 (35. Rxd7 exf4 36. b4 Qxc3 37. Rxe7 Qe1+ 38. Kh2 gxh6 $19) 35... exd4 36. Qg8# {[%emt 0:00:06] Weighted Error Value: White=0.05 (flawless) /Black=0.46} 1-0

[Event "10th Cherry Blossom Classic 2023"]
[Site "Dulles"]
[Date "2023.05.25"]
[Round "1.14"]
[White "Prem, Pranav"]
[Black "Roselli Mailhe, Bernardo"]
[Result "0-1"]
[ECO "E11"]
[WhiteElo "2061"]
[BlackElo "2380"]
[Annotator "TA"]
[PlyCount "78"]
[EventDate "2023.05.24"]
[EventType "swiss"]
[EventCountry "USA"]
[SourceTitle "playchess.com"]
[Source "ChessBase"]
[SourceQuality "1"]
[TimeControl "5400+30"]

1. d4 Nf6 2. c4 e6 3. Nf3 Bb4+ 4. Bd2 a5 5. g3 d6 6. Bg2 Nbd7 7. O-O e5 8. Bg5 exd4 9. Nxd4 h6 10. Bf4 {[%emt 0:03:04] E11: Bogo-Indian.} O-O 11. Qc2 Re8 (11... Bc5 $5 12. Rd1 a4 $11) 12. Rd1 {[%emt 0:07:58] The position is equal.} Qe7 {[%emt 0:08:02] [#]} 13. Nc3 $146 (13. a3 $5 Bc5 $8 14. Nc3 $11) ({Predecessor:} 13. a3 Bc5 14. Nc3 Bxd4 15. Rxd4 Nc5 16. Rd2 a4 17. Re1 Nce4 18. Nxe4 Nxe4 19. Bxe4 Qxe4 20. Qxe4 Rxe4 {½-½ Bensdorp,M (2284)-Wirig,A (2456) La Fere op 7th 2008 (2)}) 13... Nb6 14. b3 c6 15. a3 Bc5 16. Qd3 (16. e4 {simplifies} g5 17. Bc1 d5 18. cxd5 cxd5 19. Be3) 16... Ng4 17. a4 {[%emt 0:18:06] [#]} (17. Ne4 $11 {remains equal.}) 17... f5 $1 18. h3 (18. Nxf5 $2 Bxf5 19. Qxf5 Nxf2 20. Bxd6 Bxd6 $19) (18. Bc1 Qf6) 18... Ne5 19. Qc2 Qf6 $1 20. Be3 g5 21. Qd2 (21. Bc1 $5) 21... Bd7 22. Kh1 Kh8 23. f4 $2 {[%emt 0:01:38][%mdl 8192] [#] Now White is beyond hope.} (23. Nc2 $14 {stays ahead.}) 23... Nexc4 $1 $19 24. bxc4 Nxc4 25. fxg5 Qg6 26. Qd3 Nxe3 (26... Rxe3 $2 27. Qxc4 Qxg5 28. Qf7 Rxc3 29. Qxd7 Rxg3 30. Nxf5 (30. Qxb7 $2 Rg8 $19) 30... Rxg2 31. Nxd6 Bxd6 32. Qxd6 $17) 27. Nb3 Nxd1 28. Rxd1 Re3 (28... Qxg5 29. Nxc5 dxc5 30. Qxd7 $15) 29. Qd2 {[%emt 0:00:37] Strongly threatening Nxc5.} Bb6 ({Less strong is} 29... hxg5 30. Nxc5 Re7 31. Qd4+ (31. Nxb7 d5 $14) (31. Qxd6 Qxd6 32. Rxd6 Be8 $16) 31... Kg8 32. Qxd6 (32. Nxb7 d5 $16) 32... Qxd6 33. Rxd6 $16) 30. Nd4 Rxg3 31. Nf3 Bc5 32. Qf4 Rxg5 ({Weaker is} 32... hxg5 33. Qxg3 Rg8 34. Ne5 $16) 33. Nxg5 Qxg5 34. Qf3 Rg8 35. Rb1 Be8 36. e4 Bh5 37. Qf1 Qd2 {[%emt 0:01:21] White must now prevent ...f4.} 38. Nd1 {[%emt 0:00:49] [#]} Rxg2 $1 39. Qxg2 Bf3 {[%emt 0:00:04][%mdl 64] Pin, Double Attack.   Weighted Error Value: White=0.63/Black=0.16 (very precise)} 0-1

[Event "10th Cherry Blossom Classic 2023"]
[Site "Dulles"]
[Date "2023.05.25"]
[Round "1.15"]
[White "Muzychuk, Anna"]
[Black "Hu, Merric"]
[Result "1-0"]
[ECO "B77"]
[WhiteElo "2504"]
[BlackElo "2022"]
[Annotator "TA"]
[PlyCount "69"]
[EventDate "2023.05.24"]
[EventType "swiss"]
[EventCountry "USA"]
[SourceTitle "playchess.com"]
[Source "ChessBase"]
[SourceQuality "1"]
[TimeControl "5400+30"]

1. e4 c5 2. Nf3 Nc6 3. d4 cxd4 4. Nxd4 g6 5. Nc3 Bg7 6. Be3 Nf6 7. f3 O-O 8. Bc4 d6 9. Bb3 Bd7 10. h4 Nxd4 11. Bxd4 b5 12. Qd2 a5 $1 {[%emt 0:04:12][%cal Ba7a5,Ba5a4][%mdl 32] [#]} 13. h5 $1 {[%emt 0:12:48] B77: Sicilian Dragon: Yugoslav Attack, 9 Bc4 sidelines.} a4 14. Bxf6 (14. Bd5 $5 b4 15. Bxf6 exf6 16. Ne2 $14) 14... exf6 (14... Bxf6 $2 15. hxg6 Bg7 16. Bxf7+ Rxf7 17. gxf7+ $18) 15. Bd5 {[%emt 0:00:19] The position is equal.} Rc8 16. hxg6 hxg6 17. a3 f5 18. O-O-O {[%emt 0:07:42] [#]} (18. Na2 $11 {keeps the balance.}) 18... Qf6 $146 (18... b4 $1 $17 19. Nb1 (19. axb4 a3 $17) 19... Qf6) ({Predecessor:} 18... b4 19. axb4 a3 20. Kb1 axb2 21. Ne2 fxe4 22. Bxe4 Ba4 23. Qd5 Bc6 24. Qd2 Bxe4 25. fxe4 {0-1 Wenger,J (1802)-Huzen,P (2334) IECC P email 1999}) 19. g4 $15 f4 (19... fxg4 $15 20. fxg4 (20. Qh2 Rfe8 $15) 20... Bxg4) 20. Ba2 Rc6 21. g5 {[%emt 0:07:17] White wants to mate with Qh2.} (21. Nxb5 $2 Qxb2#) (21. Bd5 $5 Rc5 22. Ba2 $11 (22. Qh2 Rb8 $11)) 21... Qxg5 22. Rdg1 (22. Qh2 Rfc8 23. Rd5 (23. Rdg1 $2 Qf6 $19) 23... Qf6 $17) 22... Qf6 {[%emt 0:00:54] Black wants to play ...Rfc8.} (22... Bxc3 $2 23. bxc3 $18) 23. e5 $40 {[%emt 0:02:51][%cal Be4e5,Be5d6,Bd6e7][%mdl 160] White has some attack.} (23. Nxb5 $2 Qxb2+ 24. Kd1 Qxa2 $19) (23. Qh2 $2 Rfc8 24. e5 (24. Nxb5 Qxb2+ 25. Kd1 Qa1+ {[%mdl 64] Deflection} 26. Ke2 Rxc2+ {[%mdl 64] Discovered Attack, Double Attack} 27. Kd3 Bxb5+) 24... dxe5 $19) 23... Qf5 {[%emt 0:06:57] And now ...Rfc8 would win.} (23... Qxe5 $2 24. Rxg6 Rxc3 25. bxc3 $18) 24. Nd5 {[%emt 0:06:01][%cal Rd5e7] Some like it hot} (24. Qh2 Rfc8 25. Rg4 (25. Nxb5 $2 Rxc2+ {[%mdl 64] Discovered Attack, Double Attack} 26. Kd1 Rc1+ 27. Ke2 Qc2#) (25. Bd5 $2 Rxc3 26. bxc3 Rxc3 $19) 25... dxe5 $19) 24... Re8 {[%emt 0:06:22] Prevents Ne7+.} (24... dxe5 $2 25. Ne7#) (24... Qxe5 25. c3 Rfc8 26. Rxg6 $14 (26. Re1 Qd4 $11)) 25. exd6 Bf6 {[%emt 0:00:32][%mdl 8192] [#] Prevents Ne7+. A mistake that costs the game.} (25... Qe5 $11 26. c3 Kf8) 26. Rh5 $3 $18 {[%emt 0:01:51][%mdl 576] Pin} Re1+ (26... Qe6 27. Rxg6+) 27. Rxe1 gxh5 28. Ne7+ (28. Qxf4 $2 Qxc2#) ({Stronger than} 28. Nxf4 Rxc2+ 29. Qxc2 Qxf4+ 30. Qd2 (30. Kb1 $2 Bf5 $19) 30... Bxb2+ 31. Kd1 Qxf3+ 32. Qe2 Qf6 33. Bxf7+ Kxf7 $17) 28... Bxe7 29. dxe7 {[%emt 0:00:02] Threatens to win with Bd5.} Rc8 30. c3 {[%emt 0:00:14] Threatening mate with Bb1.} Kg7 31. Bb1 {[%emt 0:01:02][%mdl 64] Deflection} Qh3 32. Qxf4 f6 33. Ba2 (33. Qe4 $142 Bf5 34. e8=Q Rxe8 35. Qxe8 Qxf3 36. Qe7+ (36. Qxb5 Qf4+ 37. Kd1 Bg4+ 38. Re2 Qf1+ {[%mdl 64] Pin} 39. Kd2 Bxe2 $11) 36... Kg6 37. Rg1+ Qg4 38. Rxg4+ hxg4 39. Qe8+ Kg5 40. Qxb5) 33... Bf5 34. Rg1+ Kh7 35. Bf7 {[%emt 0:00:32] A superb game by Muzychuk.   Weighted Error Value: White=0.17 (very precise) /Black=0.51} 1-0

[Event "10th Cherry Blossom Classic 2023"]
[Site "Dulles"]
[Date "2023.05.25"]
[Round "1.16"]
[White "Slade, Theodore"]
[Black "Kiewra, Keaton"]
[Result "1/2-1/2"]
[ECO "D37"]
[WhiteElo "2021"]
[BlackElo "2352"]
[Annotator "TA"]
[PlyCount "91"]
[EventDate "2023.05.24"]
[EventType "swiss"]
[EventCountry "USA"]
[SourceTitle "playchess.com"]
[Source "ChessBase"]
[SourceQuality "1"]
[TimeControl "5400+30"]

1. d4 d5 2. c4 e6 3. Nf3 a6 4. cxd5 exd5 5. Nc3 Nf6 6. Bg5 {[%emt 0:00:43] D37: Queen's Gambit Declined: 5 Bf4.} Be7 7. e3 O-O 8. Bd3 {[%emt 0:01:42] White is slightly better.} h6 9. Bh4 b6 10. O-O Be6 11. Ne5 c5 12. f4 {[%emt 0:00:47] [#] White is much more active.} b5 $146 (12... Ra7 $16 13. Qf3 Qd6) ({Predecessor:} 12... Qd6 13. f5 Bc8 14. Bg3 Qd8 15. Qf3 Bb7 16. Rad1 cxd4 17. exd4 Nc6 18. Bb1 Re8 {1-0 Kurukin,D (2179)-Gvanceladze,A (2069) Moscow Petrosian Memorial U18 2008 (2)}) 13. Qf3 (13. Bc2 $18) 13... b4 $2 (13... Ra7 $16 {was necessary.} 14. dxc5 b4) 14. Ne2 (14. f5 $1 $18 {[%cal Rf5e6] and the rest is easy.} bxc3 15. fxe6 fxe6 16. bxc3) 14... Ra7 $16 15. b3 ({But not} 15. Bxf6 Bxf6 16. b3 (16. dxc5 Bxe5 17. fxe5 Nd7 $11) 16... Rc7 $14) 15... Ne4 16. Bxe7 Rxe7 (16... Qxe7 $16 17. Bxe4 dxe4 18. Qxe4 Re8 19. dxc5 {[%mdl 64] Discovered Attack} f6) 17. Bxe4 dxe4 18. Qxe4 (18. Qg3 $18 {aiming for f5.} Qc8 19. dxc5) 18... Bd5 {[%emt 0:00:25] [#]} 19. Qd3 Nd7 20. Nxd7 (20. Ng3 $16) 20... Qxd7 21. dxc5 {[%emt 0:05:38] Strongly threatening Rad1.} Qb7 {[%emt 0:00:50] [#]} 22. Rf2 $1 Rfe8 23. Rd1 Bc6 24. Nd4 (24. Ng3 $5 ) 24... Rxe3 25. Qd2 {[%emt 0:00:28] Nf5 would be deadly.} Rc3 $1 26. Nf5 {[%emt 0:03:34] Threatens to win with Nd6.} Qa7 $1 27. Qd4 $36 {[%emt 0:01:13][%csl Gf5,LRb4,LRg7][%cal Rd4g7][%mdl 2048] White has good play.} f6 28. Qxb4 (28. Nd6 {keeps more tension.} Rb8 29. Ne4 Bxe4 30. Qxe4 Qxc5 31. h3) 28... Qxc5 (28... Rxc5 $11 {keeps the balance.} 29. Nd4 Be4) 29. Qxc5 Rxc5 30. Nd4 Rd8 31. Rfd2 Be4 32. Kf2 f5 33. Nf3 ({Much less strong is} 33. Ne6 Rxd2+ 34. Rxd2 Rc8) 33... Rc2 34. Rxc2 Rxd1 {[%emt 0:00:06][%mdl 4096] Endgame KRB-KRN} 35. Rb2 Kf7 36. b4 Ra1 37. Nd4 g5 38. fxg5 hxg5 39. b5 Rd1 {[%emt 0:01:35] The position is equal.} 40. Nf3 Bxf3 41. Kxf3 {[%emt 0:00:40] Black must now prevent b6.} axb5 42. Rxb5 $11 {[%emt 0:00:12] KR-KR} Rd3+ 43. Ke2 Ra3 44. Rb2 f4 45. h3 Kg6 46. Kf2 {[%emt 0:01:24] White really could win this.   Weighted Error Value: White=0.23 (precise) /Black=0.23 (precise)} 1/2-1/2

[Event "10th Cherry Blossom Classic 2023"]
[Site "Dulles"]
[Date "2023.05.25"]
[Round "1.17"]
[White "Plotkin, Mark"]
[Black "Samuelson, Andrew"]
[Result "1/2-1/2"]
[ECO "A30"]
[WhiteElo "2341"]
[BlackElo "2019"]
[Annotator "TA"]
[PlyCount "113"]
[EventDate "2023.05.24"]
[EventType "swiss"]
[EventCountry "USA"]
[SourceTitle "playchess.com"]
[Source "ChessBase"]
[SourceQuality "1"]
[TimeControl "5400+30"]

1. c4 c5 2. Nc3 b6 3. g3 Bb7 4. Nf3 Nf6 5. Bg2 e6 6. O-O Be7 7. d4 cxd4 8. Nxd4 Bxg2 9. Kxg2 Qc7 10. b3 a6 11. Bb2 d6 12. e4 {[%emt 0:00:32] A30: Symmetrical English: Double Fianchetto and Hedgehog.} Nbd7 13. f4 Qb7 14. Qf3 {[%emt 0:00:21] White is better.} O-O 15. Rae1 {[%emt 0:04:39] [#] White is more active.} Rfc8 $146 ({Predecessor:} 15... Rac8 16. g4 g6 17. g5 Nh5 18. Nd5 Bd8 19. Nf5 exf5 20. exf5 Nc5 21. b4 Nxf4+ 22. Qxf4 {1-0 Grubisic,I (2236)-Mijatovic,A (2210) SRB-chT2 West 2006 (3.6)}) 16. g4 g6 17. g5 Nh5 {[%emt 0:00:46] [#]} 18. Nd5 $2 exd5 $19 19. exd5 {[%emt 0:00:13] [#]} (19. Nc6 $142 Bf6 20. Bxf6 Rxc6 21. exd5) 19... Bf8 $1 20. Nc6 Re8 21. f5 (21. Qc3 $2 Bg7 22. Qd2 Bxb2 23. Qxb2 Nc5 $19) 21... Ne5 22. Bxe5 (22. Nxe5 {was called for.} dxe5 23. Bxe5) 22... dxe5 23. Nxe5 Bd6 24. Ng4 {[%emt 0:01:21] [#]} Bb4 (24... Nf4+ 25. Kh1 Rxe1 26. Rxe1 $14) (24... Rxe1 $1 $17 25. Rxe1 Bf8) 25. Nh6+ Kh8 26. Rxe8+ Rxe8 27. fxg6 hxg6 {[%emt 0:01:58] White must now prevent ...Qe7.} (27... fxg6 $2 28. a3 (28. Nf7+ Kg7 $14) 28... Bxa3 29. Nf7+ Kg8 30. Qc3 Qxf7 31. Rxf7 Kxf7 32. b4 $18) 28. a3 (28. Qxf7 $11 {was the only way to keep the balance.} Qxf7 29. Rxf7 (29. Nxf7+ Kg7 $15)) 28... Bf8 (28... Bxa3 $17 {...Qe7 is the strong threat.} 29. Qc3+ f6) 29. Nxf7+ $2 (29. Qxf7 $11 Qxf7 30. Nxf7+ Kg7 31. b4 (31. d6 Re2+ 32. Kf3 Re6 $11)) 29... Kh7 30. Ne5 Qe7 (30... Rxe5 $6 31. Qxf8 Rxg5+ 32. Kh1 $11) ({Black should play} 30... Qg7 $17 31. Ng4 Bxa3) 31. Qf7+ $11 Qxf7 32. Nxf7 (32. Rxf7+ $2 Kg8 33. Rxf8+ Kxf8 34. Nd7+ Ke7 35. Nxb6 Rf8 $19) 32... Re2+ {[%emt 0:01:06][%mdl 64] Deflection} 33. Kf3 Rxh2 {[%emt 0:01:05] And now ...Rh3+ would win.} (33... Re7 $5 34. Nd8 Ng7 $17) 34. d6 Rh3+ 35. Kf2 $1 Rd3 {[%emt 0:01:18][%cal Oh5f4] Strongly threatening ...Nf4!} 36. Ke2 Rxd6 37. Nxd6 {[%emt 0:00:02][%mdl 4096] Endgame KRN-KBN} Ng3+ ({Much less strong is} 37... Bxd6 38. Rf7+ Kg8 39. Rb7 Bxa3 40. Rxb6 $16) 38. Kf2 Nxf1 39. Ne4 Bxa3 40. Kxf1 {[%emt 0:00:02] KB-KN} Kg7 41. Ke2 Kf7 42. Kf3 Ke6 $1 43. Kg4 Bb2 (43... a5 $15) 44. Nf2 {[%emt 0:00:52] The position is equal.} a5 45. Nd3 Be5 46. Ne1 Bd4 47. Nf3 Bf2 48. Kf4 Kd6 49. Ke4 Kc5 50. Ne5 {[%emt 0:01:03] Threatens to win with Nd3+.} Bh4 51. Nxg6 ({Of course not} 51. Kf4 Kb4 52. Nc6+ (52. Nxg6 $2 {perishes.} Bxg5+ 53. Kxg5 Kxb3 $19) 52... Kxb3) 51... Bxg5 {[%emt 0:00:04] ...Kb4 would be deadly.} 52. Kd3 Kb4 53. Kc2 a4 54. bxa4 Kxc4 55. Ne5+ Kb4 56. Nd7 Kxa4 57. Nxb6+ {[%emt 0:00:04] Weighted Error Value: White=0.28 (precise) /Black=0.20 (precise)} 1/2-1/2